 Dungeon Crawl Stone Soup version 0.29-a0-344-ge2f44be95a (webtiles) character file.

Game seed: 14078062644836460581

1 spaghetti the Chopper (level 1, 7/20 HPs)
             Began as a Deep Dwarf Berserker on Apr 21, 2022.
             Was a Follower of Trog.
             Quit the game on level 1 of the Dungeon.
             The game lasted 00:00:14 (29 turns).

spaghetti the Chopper (Deep Dwarf Berserker)          Turns: 29, Time: 00:00:14

Health: 7/20       AC:  2    Str: 20    XL:     1   Next: 16%
Magic:  1/1        EV: 12    Int:  7    God:    Trog [*.....]
Gold:   0          SH:  0    Dex: 12    Spells: 0/0 levels left

rFire   . . .      SeeInvis .   a - +0 hand axe {axe}
rCold   . . .      Faith    .   (no shield)
rNeg    . . .      Spirit   .   b - +0 animal skin
rPois   .          Reflect  .   (no helmet)
rElec   .          Harm     .   (no cloak)
rCorr   .          Rampage  .   (no gloves)
Will    .....                   (no boots)
Stlth   +.........              (no amulet)
HPRegen 0.00/turn               (no ring)
MPRegen 0.07/turn               (no ring)

@: no status effects
A: damage resistance, heal wounds, sense surroundings 1, no regeneration
a: Heal Wounds, Renounce Religion, Berserk


You were on level 1 of the Dungeon.
You worshipped Trog.
Trog was aware of your devotion.
You visited 1 branch of the dungeon, and saw 1 of its levels.


Innate Abilities, Weirdness & Mutations

You are resistant to damage.
You can heal yourself by infusing magical energy.
You passively map a small area around you.
You do not regenerate.


   Skills:
 - Level 2.6 Fighting
 - Level 3.2 Axes
 * Level 2.3 Armour
 + Level 2.2 Dodging


You couldn't memorise any spells.
You didn't know any spells.
Your spell library was empty.

Inventory:

Hand Weapons
 a - a +0 hand axe (weapon) {axe}
Armour
 b - a +0 animal skin (worn)

Dungeon Overview and Level Annotations

Branches:
Dungeon (1/15)

Altars:

, * * , #.. , ,*
,.r# .# , * *
**###.######.#
#..g....... .!
##........## ,
...#..........###
*
.......g.........
, * ,
*#..@B.....#
,*#.:......## , *
, ########.....#
, , * ,
,*##.....##.....#
*,
##.#####.#.†...#
*,,
#..8≈8≈8.#.....#
* ,
#<.≈≈≈≈≈...#####
, ,#..8≈8≈8.### *
* ,##.#####.#


You could see a gnoll, a giant cockroach, a goblin and a rat.


Message History

🤖 Initializing magus.rc ...
Options error: Delay interrupt name "hungry" not recognised. (~/.crawlrc:4761) Options error: Bad monster_list_colour key: strict_neutral (~/.crawlrc:4776) ✅ Successfully initialized magus.rc [v1.9.6] Welcome, spaghetti the Deep Dwarf Berserker.
You feel drawn to the Orb of Zot, downwards into the unfathomable depths...
Trog says: Kill them all!
Press ? for a list of commands and other information.
Found a staircase leading out of the dungeon.
A frilled lizard comes into view.
The frilled lizard hisses angrily.
The frilled lizard moves out of view. 2 frilled lizards come into view.
The frilled lizard hisses angrily.
There are monsters nearby!
There are monsters nearby!
There are monsters nearby!
You hit the frilled lizard.
You kill the frilled lizard!
Trog accepts your kill.
You miss the frilled lizard. The frilled lizard bites you.
You are too injured to fight recklessly! 😕 HP[-1]
You take 1 damage, and now have 19/20 hp.
You are too injured to fight recklessly!
You are too injured to fight recklessly!
You are too injured to fight recklessly!
You are too injured to fight recklessly!
You are too injured to fight recklessly!
You are too injured to fight recklessly!
You are too injured to fight recklessly!
You are too injured to fight recklessly!
You are too injured to fight recklessly!
You are too injured to fight recklessly!
You are too injured to fight recklessly!
You are too injured to fight recklessly!
You are too injured to fight recklessly!
You are too injured to fight recklessly!
You are too injured to fight recklessly!
You are too injured to fight recklessly!
You are too injured to fight recklessly!
You are too injured to fight recklessly!
You miss the frilled lizard. The frilled lizard closely misses you.
You miss the frilled lizard. The frilled lizard bites you. 😕 HP[-1]
You take 1 damage, and now have 18/20 hp.
You miss the frilled lizard. The frilled lizard bites you.
You hit the frilled lizard.
You kill the frilled lizard!
Trog accepts your kill.
You see here a frilled lizard corpse.
A giant cockroach comes into view.
A giant cockroach is nearby!
A giant cockroach is nearby!
A giant cockroach is nearby!
You are too injured to fight recklessly!
You are too injured to fight recklessly!
You are too injured to fight recklessly!
You are too injured to fight recklessly!
You are too injured to fight recklessly!
You are too injured to fight recklessly!
A gnoll comes into view. It is wielding a +0 club.
The gnoll shouts!
The giant cockroach bites you.
You hit the giant cockroach. The giant cockroach barely misses you.
You barely miss the giant cockroach.
The giant cockroach bites you but does no damage.
The giant cockroach bites you.
You hit the giant cockroach but do no damage.
The giant cockroach closely misses you.
A goblin comes into view. It is wielding a +0 club.
You barely miss the giant cockroach.
The goblin shouts!
The giant cockroach bites you but does no damage.
The giant cockroach misses you.
You hit the gnoll but do no damage. You closely miss the giant cockroach.
The gnoll hits you with a +0 club.
A rat comes into view.
The giant cockroach barely misses you. 😮 HP[-3]
You take 3 damage, and now have 15/20 hp.
You hit the gnoll but do no damage.
You hit the giant cockroach but do no damage.
The gnoll hits you with a +0 club!
* * * LOW HITPOINT WARNING * * *
The giant cockroach barely misses you. 😨 HP[-8]
You take 8 damage, and now have 7/20 hp.
MASSIVE DAMAGE!! (PAUSE)
You aren't carrying any potions.
Unknown command.
Are you sure you want to abandon this character and quit the game? (Confirm with "yes".)

Action                   || total
-------------------------++-------
Melee: Hand axe          ||    11
Armor: Animal skin       ||     2
Dodge: Dodged            ||     6

Levels and vault maps discovered:
D:1:      lightli_arrival_statue_moat, layout_rooms, corexii_hall_statues_i,
          minmay_pentomino_o4

Notes
Turn   | Place    | Note
-------+----------+-------------------------------------------
     0 | D:1      | spaghetti the Deep Dwarf Berserker began the quest for the
                  | Orb.
     0 | D:1      | Reached XP level 1. HP: 20/20 MP: 1/1
     0 | D:1      | magus.rc [v1.9.6]
    29 | D:1      | Quit the game

Vanquished Creatures
  2 frilled lizards (D:1)
2 creatures vanquished.

Table legend:
 A = Non-vault XP
 B = Vault XP
 C = Vault XP percentage of total XP
 D = Non-vault monster count
 E = Vault monster count
 F = Vault count percentage of total count
                 A         B        C        D         E       F
            +---------+---------+-------+---------+---------+-------
      Total |       2 |       0 |   0.0 |       2 |       0 |   0.0
            +---------+---------+-------+---------+---------+-------
        D:1 |       2 |       0 |   0.0 |       2 |       0 |   0.0
            +---------+---------+-------+---------+---------+-------

Illustrated notes

Table legend:
 A = Kills in this place as a percentage of kills in entire the game.
 B = Kills by you in this place as a percentage of kills by you in the entire game.
 C = Kills by friends in this place as a percentage of kills by friends in the entire game.
 D = Other kills in this place as a percentage of other kills in the entire game.
 E = Experience gained in this place as a percentage of experience gained in the entire game.
 F = Experience gained in this place divided by the number of levels of this place that you have seen.
                   A       B       C       D       E      F
               +-------+-------+-------+-------+-------+----------------------
         Total | 100.0 | 100.0 |   N/A |   N/A | 100.0 |   2.0
       Dungeon | 100.0 | 100.0 |   N/A |   N/A | 100.0 |   2.0
               +-------+-------+-------+-------+-------+----------------------

Table legend: (Time is in decaauts)
 A = Elapsed time spent in this place.
 B = Non-inter-level travel time spent in this place.
 C = Inter-level travel time spent in this place.
 D = Time resting spent in this place.
 E = Time spent auto-exploring this place.
 F = Levels seen in this place.
 G = Mean time per level.
                   A        B        C        D        E       F      G
               +--------+--------+--------+--------+--------+-----+--------+
         Total |     30 |     30 |      0 |      0 |      9 |   1 |   30.0 |
       Dungeon |     30 |     30 |      0 |      0 |      9 |   1 |   30.0 |
               +--------+--------+--------+--------+--------+-----+--------+

Top non-repeatable levels by time:
     D:1: 30 daAuts
